 Dungeon Sprint DCSS version 0.29-a0-234-g0dae59b3db (webtiles) character file.

Game seed: 182802675796838471

14147 mhtbhm the Severer (level 11, -8/114 HPs)
             Began as a Minotaur Fighter on Mar 3, 2022.
             Was an Initiate of Gozag.
             Splashed by a brown ugly thing's acid (9 damage)
             ... in the Dungeon (Sprint III: "The Ten Rune Challenge").
             The game lasted 00:07:23 (3320 turns).

mhtbhm the Severer (Minotaur Fighter)               Turns: 3320, Time: 00:07:24

Health: -8/114     AC: 17    Str: 29    XL:     11   Next: 84%
Magic:  10/10      EV: 10    Int:  5    God:    Gozag
Gold:   4282       SH: 12    Dex: 10    Spells: 10/10 levels left

rFire   . . .      SeeInvis .   a - +2 broad axe (vorpal)
rCold   + . .      Faith    .   c - +0 buckler
rNeg    + . .      Spirit   .   b - +2 plate armour {rC+}
rPois   .          Reflect  +   (helmet restricted)
rElec   +          Harm     .   (no cloak)
rCorr   .          Rampage  +   (no gloves)
Will    .....      NoTele   +   s - +0 pair of boots of Privacy {Str+4}
Stlth   ..........              w - amulet "Tehaur" {Reflect Rampage *Slow rElec rN+ SH+5}
HPRegen 0.29/turn               v - ring of flight
MPRegen 0.12/turn               (no ring)

@: lethally poisoned (-8 -> -35), corroded, gold aura, flying
A: horns 2, retaliatory headbutt, talons 1
a: Renounce Religion, Potion Petition, Call Merchant, Bribe Branch


You were in the Dungeon.
You worshipped Gozag.
Gozag was most pleased with you.
You visited 1 branch You collected 7756 gold pieces.
You spent 2998 gold pieces at shops.
You paid 476 gold pieces to Gozag.

Inventory:

Hand Weapons
 a - a +2 vorpal broad axe (weapon)
Missiles
 q - 7 curare-tipped darts (quivered)
Armour
 b - a +2 plate armour of cold resistance (worn)
 c - a +0 buckler (worn)
 s - the +0 pair of boots of Privacy (worn) {Str+4}
   (You bought it in a shop in the Dungeon)

   Str:       It affects your strength (+4).
 t - a scarf of invisibility
Jewellery
 v - a ring of flight (left hand)
 w - the amulet "Tehaur" (around neck) {Reflect Rampage *Slow rElec rN+ SH+5}
   (You bought it in a shop in the Dungeon)

   [amulet of reflection]

   It reflects blocked missile attacks.
   rElec:     It insulates you from electricity.
   rN:        It protects you from negative energy.
   *Slow:     It may slow you when you take damage.
   SH:        It affects your SH (+5).
   Rampage:   It bestows one free step when moving towards enemies.
Wands
 x - a wand of flame (20)
Scrolls
 i - 2 scrolls of holy word
 j - 2 scrolls of blinking
 l - a scroll of amnesia {unknown}
 n - a scroll of immolation {unknown}
 o - a scroll of identify {unknown}
 r - a scroll of enchant weapon
 u - a scroll of enchant armour
Potions
 e - 2 potions of curing
 g - a potion of haste
 h - 2 potions of magic
 k - 3 potions of degeneration {unknown}
 m - 4 potions of flight
 p - 5 potions of mutation
Miscellaneous
 d - a lightning rod (4/4)


   Skills:
 + Level 16.2 Fighting
 + Level 19.2 Axes
 + Level 17.5 Armour
 + Level 7.4 Dodging
 + Level 3.7 Stealth
 + Level 13.9 Shields
 + Level 8.6 Evocations


You had 10 spell levels left.
You didn't know any spells.
Your spell library contained the following spells:

 Spells                   Type           Power      Damage    Failure   Level
 Animate Skeleton         Necr           0%         N/A       97%         1
 Apportation              Tloc           0%         N/A       97%         1
 Summon Small Mammal      Summ           0%         N/A       97%         1


Dungeon Overview and Level Annotations

Branches:
Dungeon (1/1)

Altars:
Cheibriados
Dithmenos
Elyvilon
Fedhas
Gozag
Hepliaklqana
Kikubaaqudgha
Makhleb
Nemelex Xobeh
Okawaru
Qazlal
Ru
Sif Muna
Trog
Uskayaw
Vehumet
Wu Jian
Xom
Yredelemnul
Zin
The Shining One
Beogh
Jiyva
Lugonu

Shops:
D [:([==?*!:=[


Innate Abilities, Weirdness & Mutations

You have a pair of horns on your head.
You reflexively headbutt those who attack you in melee.
You have sharp toenails.


Message History

The brown ugly thing engulfs you.
You are splashed with acid.
You feel sick.
The yaktaur captain wields a +2 arbalest of chaos.
It is briefly surrounded by a scintillating aura of random colours.
The yaktaur captain shoots a bolt.
You reflect the bolt off an invisible shield around you!
The bolt hits the yaktaur captain!!!
The bolt freezes the yaktaur captain!
The brown ugly thing engulfs you. The acid corrodes you!
You are splashed with acid!
You see here 45 gold pieces.
You closely miss the brown ugly thing.
Your headbutt misses the brown ugly thing.
The brown ugly thing is moderately wounded.
The yaktaur captain shoots a bolt.
You reflect the bolt off an invisible shield around you!
The bolt hits the yaktaur captain!!
The yaktaur captain looks as sick as possible!
Unknown command.
You barely miss the brown ugly thing.
Your headbutt misses the brown ugly thing.
The brown ugly thing is moderately wounded.
You feel sick.
The brown ugly thing is distracted by your dazzling golden aura.
You closely miss the brown ugly thing.
The brown ugly thing is no longer distracted by gold.
The brown ugly thing gurgles horribly!
The brown ugly thing is moderately wounded.
You feel sick.
The yaktaur captain shoots a bolt.
The bolt hits you! The bolt burns you!
The brown ugly thing engulfs you but does no damage.
You closely miss the brown ugly thing.
The brown ugly thing is moderately wounded.
The yaktaur captain shoots a bolt.
The bolt hits you!!
* * * LOW HITPOINT WARNING * * *
You are lethally poisoned!
The brown ugly thing engulfs you!
* * * LOW HITPOINT WARNING * * *
You are splashed with acid!
You die...
Your body crumbles into a pile of gold. # § ############ § #...#...#..# § #...#...#..# PP ##'###'##..# PcP ###.......'..# .PPP.

##.#.#####.####......
####..'.#.).'.#.@'......
...'..#######.'.u#......
#######.. ..#.#### .....
.∩⌠⌠∩.#..#..#.#..# ....
.∩⌠⌠∩.#.#.#.#.'..# ...
.∩∩∩∩.#.....#.#..# ..
.∩∩.∩.#.....#.#..# .
......#.#.#.'.#..#
##''###..#..#.#[.#


You could see a yaktaur captain (extremely poisoned) and a brown ugly thing.

Vanquished Creatures
  Harold (D)
  A fire dragon (D)
  Erolcha (D)
  A centaur warrior (D)
  2 orc high priests (D)
  An obsidian statue (D)
  Joseph (D)
  2 orc sorcerers (D)
  A deep elf pyromancer (D)
  An ugly thing (D)
  A mana viper (shapeshifter) (D)
  4 spriggan defenders (D)
  A queen bee (D)
  A slime creature (D)
  A shadow (D)
  A redback (shapeshifter) (D)
  2 redbacks (D)
  A spatial vortex (D)
  An orc warrior (D)
  5 two-headed ogres (D)
  3 wandering mushrooms (D)
  A water elemental (D)
  A necrophage (D)
  32 killer bees (D)
  A jelly (D)
  4 orc priests (D)
  A wizard (D)
  A necromancer (D)
  2 orc wizards (D)
  3 humans (D)
  A kobold demonologist (D)
  A wolf (D)
  10 orcs (D)
  An endoplasm (D)
  A goblin (D)
  3 rats (D)
96 creatures vanquished.

Vanquished Creatures (others)
  4 dancing weapons (D)
  11 plants (D)
15 creatures vanquished.

Grand Total: 111 creatures vanquished

Notes
Turn   | Place    | Note
-------+----------+-------------------------------------------
     0 | D        | mhtbhm the Minotaur Fighter began the quest for the Orb.
     0 | D        | Reached XP level 1. HP: 19/19 MP: 0/0
    48 | D        | Noticed a wolf
    50 | D        | Killed a wolf
    51 | D        | Reached skill level 3 in Axes
    51 | D        | Reached skill level 5 in Shields
    51 | D        | Reached XP level 2. HP: 28/28 MP: 1/1
    60 | D        | Reached skill level 5 in Fighting
    60 | D        | Reached skill level 5 in Armour
    60 | D        | Reached XP level 3. HP: 36/36 MP: 2/2
   159 | D        | Noticed a water elemental
   163 | D        | Killed a water elemental
   164 | D        | Reached skill level 5 in Axes
   164 | D        | Reached skill level 1 in Dodging
   164 | D        | Reached XP level 4. HP: 40/44 MP: 3/3
   171 | D        | Found a hide-covered altar of Uskayaw.
   171 | D        | Found an iron altar of Okawaru.
   171 | D        | Found a bloodstained altar of Trog.
   171 | D        | Found an ornate altar of the Wu Jian Council.
   171 | D        | Noticed a human
   171 | D        | Noticed a human
   175 | D        | Killed a human
   176 | D        | Reached skill level 7 in Axes
   176 | D        | Reached XP level 5. HP: 43/53 MP: 4/4
   180 | D        | Killed a human
   181 | D        | Reached skill level 8 in Axes
   181 | D        | Reached XP level 6. HP: 51/62 MP: 5/5
   187 | D        | Noticed a shadow
   194 | D        | Killed a shadow
   195 | D        | Reached skill level 9 in Axes
   195 | D        | Reached skill level 10 in Armour
   195 | D        | Reached XP level 7. HP: 25/70 MP: 6/6
   413 | D        | Found a blossoming altar of Fedhas.
   413 | D        | Found a stormy altar of Qazlal.
   413 | D        | Found a snail-covered altar of Cheibriados.
   413 | D        | Found a burning altar of Makhleb.
   413 | D        | Found a shimmering altar of Xom.
   414 | D        | Found a hazy altar of Hepliaklqana.
   414 | D        | Found an opulent altar of Gozag.
   414 | D        | Found a sparkling altar of Nemelex Xobeh.
   414 | D        | Found a corrupted altar of Lugonu.
   414 | D        | Found a viscous altar of Jiyva.
   414 | D        | Noticed a spatial vortex
   425 | D        | Killed a spatial vortex
   426 | D        | Reached skill level 10 in Axes
   431 | D        | Became a worshipper of Gozag Ym Sagoz the Greedy
   449 | D        | Found a basalt altar of Yredelemnul.
   449 | D        | Found a shadowy altar of Dithmenos.
   449 | D        | Found a sacrificial altar of Ru.
   473 | D        | Found a radiant altar of Vehumet.
   473 | D        | Found a shimmering blue altar of Sif Muna.
   473 | D        | Found an ancient bone altar of Kikubaaqudgha.
   496 | D        | Found a glowing silver altar of Zin.
   496 | D        | Found a glowing golden altar of the Shining One.
   496 | D        | Found a white marble altar of Elyvilon.
   497 | D        | Noticed a deep elf pyromancer
   505 | D        | Killed a deep elf pyromancer
   506 | D        | Reached skill level 10 in Fighting
   506 | D        | Reached skill level 12 in Axes
   506 | D        | Reached XP level 8. HP: 75/80 MP: 7/7
   548 | D        | Reached skill level 10 in Shields
   620 | D        | Noticed a two-headed ogre
   643 | D        | Killed a two-headed ogre
   644 | D        | Reached skill level 13 in Axes
   644 | D        | Reached skill level 1 in Evocations
   817 | D        | Noticed an orc sorcerer
   818 | D        | Noticed an orc sorcerer
   820 | D        | Killed an orc sorcerer
   821 | D        | Reached skill level 14 in Axes
   821 | D        | Reached skill level 5 in Dodging
   821 | D        | Reached XP level 9. HP: 89/89 MP: 8/8
   821 | D        | Killed an orc sorcerer
   822 | D        | Reached skill level 1 in Stealth
   822 | D        | Noticed an orc high priest
   826 | D        | Killed an orc high priest
   827 | D        | Reached skill level 15 in Axes
   827 | D        | Found Jusih's Antique Armour Shoppe.
   928 | D        | Bought a runed plate armour for 728 gold pieces
   965 | D        | Noticed Erolcha
   965 | D        | Noticed a two-headed ogre
   970 | D        | Killed Erolcha
   971 | D        | Reached skill level 16 in Axes
   974 | D        | Reached XP level 10. HP: 39/97 MP: 9/9
  1393 | D        | Reached skill level 17 in Axes
  1393 | D        | Reached skill level 5 in Evocations
  1394 | D        | Reached skill level 15 in Armour
  1487 | D        | Noticed Harold
  1487 | D        | Noticed Joseph
  1500 | D        | Killed Harold
  1501 | D        | Reached skill level 18 in Axes
  1510 | D        | Killed Joseph
  1511 | D        | Reached XP level 11. HP: 33/110 MP: 10/10
  2053 | D        | Noticed an obsidian statue
  2058 | D        | Found Naggugurch's Magic Scroll Emporium.
  2058 | D        | Found Enaghaegann's Jewellery Boutique.
  2058 | D        | Found Hirocweg's Antique Armour Shoppe.
  2058 | D        | Found Sezibege's Jewellery Boutique.
  2058 | D        | Found Weeddump's General Store.
  2058 | D        | Found Gapaf's Antique Armour Shoppe.
  2058 | D        | Found Byupa's Jewellery Shop.
  2058 | D        | Found Nikeivef's Antique Weapon Shop.
  2058 | D        | Found Foshristro's Book Emporium.
  2058 | D        | Found Tonoetah's Book Emporium.
  2058 | D        | Found Bith's Distillery.
  2106 | D        | Bought a scroll of blinking for 82 gold pieces
  2106 | D        | Bought a scroll of holy word for 82 gold pieces
  2106 | D        | Bought a scroll of enchant weapon for 82 gold pieces
  2108 | D        | Bought a pair of jewelled boots for 256 gold pieces
  2108 | D        | Identified the +0 pair of boots of Privacy {Str+4} (You
                  | bought it in a shop in the Dungeon)
  2119 | D        | Bought a jewelled plate armour for 756 gold pieces
  2119 | D        | Identified the +0 plate armour of Midsummer {Int+3} (You
                  | bought it in a shop in the Dungeon)
  2136 | D        | Bought a glowing scarf for 216 gold pieces
  2140 | D        | Bought a scroll of enchant armour for 75 gold pieces
  2141 | D        | Bought a ring of flight for 210 gold pieces
  2145 | D        | Bought the amulet "Tehaur" {Reflect Rampage *Slow rElec rN+
                  | SH+5} for 511 gold pieces
  2177 | D        | Noticed a sixfirhy
  2182 | D        | Killed an obsidian statue
  2438 | D        | Noticed a fire dragon
  2449 | D        | Killed a fire dragon
  2450 | D        | Reached skill level 15 in Fighting
  2542 | D        | Noticed a green ugly thing
  2556 | D        | Killed a green ugly thing
  2562 | D        | Noticed a centaur warrior
  2576 | D        | Killed a centaur warrior
  2644 | D        | Noticed a shining eye
  2645 | D        | Gained mutation: You have sharp toenails. [a shining eye]
  2647 | D        | a shining eye changed into a manticore
  2649 | D        | Noticed a deep troll
  2649 | D        | a manticore changed into a deep troll
  2651 | D        | a deep troll changed into a redback
  2671 | D        | Noticed a +0 long sword of electrocution
  2671 | D        | Noticed a +3 scimitar of holy wrath
  2680 | D        | Killed a +0 long sword of electrocution
  2689 | D        | Killed a +3 scimitar of holy wrath
  2690 | D        | Reached skill level 19 in Axes
  2924 | D        | Noticed a +1 battleaxe of freezing
  2931 | D        | Noticed a +3 flail of holy wrath
  2950 | D        | Killed a +3 flail of holy wrath
  2958 | D        | Killed a +1 battleaxe of freezing
  3310 | D        | Noticed a yaktaur captain
  3310 | D        | Noticed a mana viper
  3310 | D        | Noticed a brown ugly thing
  3315 | D        | Killed a mana viper
  3320 | D        | HP: 1/114 [brown ugly thing (12)]
  3320 | D        | Splashed by a brown ugly thing's acid

Illustrated notes

Levels and vault maps discovered:
D:        dungeon_sprint_mu [sprint_mu_entry_cave, sprint_mu_temple_rooms,
          sprint_mu_d1_spiders, sprint_mu_d2_genie, sprint_mu_d3_branching,
          sprint_mu_orc_legion, sprint_mu_elf_gauntlet, sprint_mu_hive_nellie,
          sprint_mu_lair_fedhas, sprint_mu_vaults_butterflies,
          sprint_mu_slime_circle, sprint_mu_swamp_cave, sprint_mu_shoals_kraken,
          sprint_mu_blade_basic, sprint_mu_crypt_fortress,
          sprint_mu_tomb_spiral, sprint_mu_vestibule_basic,
          sprint_mu_gehenna_hellfire, sprint_mu_dis_giant,
          sprint_mu_tartarus_statrot, sprint_mu_cocytus_islands, sprint_mu_zot1]

Skill      XL: |  1  2  3  4  5  6  7  8  9 10 11 |
---------------+----------------------------------+-----
Fighting       | 4 5 6 7 8 9 10 11 12 14 16 | 16.2
Armour         | 4 5 6 8 9 10 12 13 14 15 17 | 17.5
Shields        | 5 6 7 8 9 10 11 12 13 | 13.9
Axes           | 3 5 7 8 9 12 14 16 18 19 | 19.2
Dodging        | 1 2 3 4 5 6 7 |  7.4
Evocations     | 1 4 7 8 |  8.6
Stealth        | 1 2 3 |  3.7

Action                   |  1- 3 |  4- 6 |  7- 9 | 10-12 || total
-------------------------+-------+-------+-------+-------++-------
Melee: War axe           |    19 |    14 |    40 |   181 ||   254
       Headbutt          |     1 |     2 |    13 |    34 ||    50
       Broad axe         |       |       |       |     8 ||     8
Invok: Potion Petition   |       |       |       |     1 ||     1
Evoke: Lightning rod     |       |       |    16 |    18 ||    34
  Use: Potion            |     2 |       |       |     1 ||     3
 Stab: Distracted        |       |       |       |     1 ||     1
Armor: Scale mail        |     3 |     6 |     4 |       ||    13
       Plate armour      |       |       |       |    53 ||    53
       Skin              |       |       |       |     6 ||     6
Dodge: Dodged            |     6 |     2 |    11 |    41 ||    60
Block: Buckler           |     4 |     2 |     9 |    65 ||    80
       Reflection        |       |       |       |     2 ||     2

Table legend: (Time is in decaauts)
 A = Elapsed time spent in this place.
 B = Non-inter-level travel time spent in this place.
 C = Inter-level travel time spent in this place.
 D = Time resting spent in this place.
 E = Time spent auto-exploring this place.
 F = Levels seen in this place.
 G = Mean time per level.
                   A        B        C        D        E       F      G
               +--------+--------+--------+--------+--------+-----+--------+
         Total |   3292 |   3292 |      0 |   2135 |     29 |   1 | 3292.0 |
       Dungeon |   3292 |   3292 |      0 |   2135 |     29 |   1 | 3292.0 |
               +--------+--------+--------+--------+--------+-----+--------+

Top non-repeatable levels by time:
       D: 3292 daAuts
